 Dungeon Crawl Stone Soup version 0.29.1-1-gd02db6906a (webtiles) character file.

Game seed: 1638143861455647782

1024 Acheron the Trooper (level 8, -2/48 HPs)
             Began as a Kobold Fighter on Sept 24, 2022.
             Slain by Edmund
             ... wielding a +2 dire flail of protection
              (9 damage)
             ... on level 5 of the Dungeon.
             The game lasted 00:12:30 (5496 turns).

Acheron the Trooper (Kobold Fighter)                Turns: 5496, Time: 00:12:30

Health: -2/48      AC: 16    Str: 16    XL:     8   Next: 46%
Magic:  8/8        EV:  7    Int: 11    God:
Gold:   230        SH:  9    Dex: 17    Spells: 7/7 levels left

rFire   . . .      SeeInvis .   l - +9 spear of the Bellicose God {vorpal, Str+3 Int+2}
rCold   . . .      Faith    .   c - +3 buckler
rNeg    . . .      Spirit   .   n - +0 plate armour
rPois   .          Reflect  .   e - +0 helmet
rElec   .          Harm     .   r - +0 cloak
rCorr   .          Rampage  .   (no gloves)
Will    .....                   k - +1 pair of boots
Stlth   ..........              (no amulet)
HPRegen 0.16/turn               (no ring)
MPRegen 0.11/turn               (no ring)

@: no status effects
A: small, no large weapons, nightstalker 3
a: no special abilities


You were on level 5 of the Dungeon.
You visited 2 branches of the dungeon, and saw 6 of its levels.

You collected 230 gold pieces.

Inventory:

Hand Weapons
 a - a +0 war axe
 l - the +9 spear of the Bellicose God (weapon) {vorpal, Str+3 Int+2}
   (You found it on level 3 of the Dungeon)

   It inflicts extra damage upon your enemies.
   Str:       It affects your strength (+3).
   Int:       It affects your intelligence (+2).
 o - a +2 spear of flaming
 p - a +1 dagger of freezing
Missiles
 s - 2 boomerangs (quivered)
 x - 3 poisoned darts
 B - 3 boomerangs of dispersal
Armour
 b - a +0 scale mail
 c - a +3 buckler (worn)
 e - a +0 helmet (worn)
 k - a +1 pair of boots (worn)
 n - a +0 plate armour (worn)
 r - a +0 cloak (worn)
Jewellery
 i - a ring of magical power
 u - an amulet of the acrobat
Wands
 m - a wand of charming (10)
 y - a wand of quicksilver (5)
Scrolls
 g - 2 scrolls of blinking
 h - 2 scrolls of vulnerability
 j - a scroll of immolation
 t - 3 scrolls of torment
 A - a scroll of magic mapping
Potions
 d - 2 potions of might
 f - 2 potions of flight
 q - 3 potions of curing
 v - a potion of magic {unknown}
 w - a potion of haste
 z - a potion of lignification {unknown}


   Skills:
 * Level 4.6 Fighting
 - Level 2.6(3.5) Axes
 * Level 3.6(4.0) Polearms
 * Level 3.8 Armour
 * Level 3.4 Dodging
 * Level 4.1 Stealth
 * Level 3.4 Shields
 * Level 3.0 Evocations


You had 7 spell levels left.
You didn't know any spells.
Your spell library was empty.

Dungeon Overview and Level Annotations

Branches:
Dungeon (5/15)             Temple (1/1) D:4

Altars:
Ashenzari
Cheibriados
Elyvilon
Fedhas
Gozag
Hepliaklqana
Kikubaaqudgha
Okawaru
Qazlal
Sif Muna
Uskayaw
Vehumet
Wu Jian
Xom
Yredelemnul
The Shining One

Annotations:
D:2 exclusion: downstairs
D:5 Edmund


Innate Abilities, Weirdness & Mutations

You are small and have problems with some larger weapons.
You are completely attuned to the shadows.


Message History

The orc hits you but does no damage.
You closely miss the orc.
Edmund the Younger comes into view.
He is wielding a +2 dire flail of protection.
The orc hits you but does no damage.
An orc comes into view. It is wielding a +0 whip.
Edmund shouts!
You puncture the orc!
You kill the orc!
You hit something. Something hits you but does no damage.
You closely miss something.
Edmund drinks a potion.
Edmund seems to grow stronger.
Edmund hits you with a +2 dire flail of protection!
The orc hits you with a +0 whip. Something hits you but does no damage.
Items here: ( ) [ †.
You hit something. You puncture something!
Reactivating autopickup.
You feel a bit more experienced. Edmund closely misses you.
The orc hits you but does no damage.
Your Evocations skill increases to level 3!
You closely miss Edmund.
Edmund hits you with a +2 dire flail of protection!
The orc hits you with a +0 whip.
You puncture Edmund!
Edmund is moderately wounded.
Edmund hits you with a +2 dire flail of protection.
The orc closely misses you.
You hit Edmund but do no damage.
Edmund is moderately wounded.
Edmund hits you but does no damage. You block the orc's attack.
You hit Edmund.
Edmund is moderately wounded.
Edmund barely misses you. You block the orc's attack.
Edmund attacks as you move away!
Edmund hits you with a +2 dire flail of protection!
* * * LOW HITPOINT WARNING * * *
You puncture Edmund!
Edmund is severely wounded.
Edmund hits you with a +2 dire flail of protection!
You die...

#.# #.# #.# #.#
.......# #.#
......# #.#
#..... #.#
#.##.o.# #.#
#.###@# #.#
#.##)@##.
#.###.##......
#....†.).###.#
#####.#...##.#.
#........#.# ##
###..##....##
.#
#..####...####
.# #..
.........# .#
#.# ##...##.#


You could see Edmund (strong) and an orc.

Vanquished Creatures
  Sigmund (D:5)
  An ice beast (D:5)
  A phantom (D:4)
  4 scorpions
  A howler monkey (D:5)
  3 hounds
  A jelly (D:4)
  3 iguanas (D:4)
  2 orc wizards
  6 adders
  A gnoll (D:4)
  An ufetubus (D:5)
  3 worms
  A dart slug (D:4)
  13 orcs
  7 ball pythons
  8 endoplasms
  3 giant cockroaches
  7 goblins
  7 hobgoblins
  2 jackals (D:4)
  8 kobolds
  4 quokkas
  3 bats
  4 frilled lizards
  4 rats
99 creatures vanquished.

Notes
Turn   | Place    | Note
-------+----------+-------------------------------------------
     0 | D:1      | Acheron the Kobold Fighter began the quest for the Orb.
     0 | D:1      | Reached XP level 1. HP: 14/14 MP: 1/1
   350 | D:1      | Reached XP level 2. HP: 17/19 MP: 2/2
   630 | D:1      | Reached skill level 1 in Stealth
  1013 | D:2      | Reached XP level 3. HP: 23/23 MP: 3/3
  1417 | D:2      | Reached skill level 1 in Dodging
  1694 | D:2      | Reached XP level 4. HP: 25/28 MP: 4/4
  1915 | D:2      | Found a faded altar of an unknown god.
  2903 | D:3      | Identified the +9 spear of the Bellicose God {vorpal, Str+3
                  | Int+2}
  3160 | D:4      | Reached XP level 5. HP: 28/33 MP: 5/5
  3266 | D:5      | Entered Level 5 of the Dungeon
  3367 | D:4      | Reached skill level 1 in Evocations
  3367 | D:4      | Reached XP level 6. HP: 38/38 MP: 6/6
  3387 | D:4      | Found a staircase to the Ecumenical Temple.
  3395 | Temple   | Entered the Ecumenical Temple
  3655 | D:3      | Found a glowing golden altar of the Shining One.
  4072 | D:4      | Reached skill level 1 in Polearms
  4585 | D:4      | Reached XP level 7. HP: 43/43 MP: 7/7
  4950 | D:5      | Reached XP level 8. HP: 33/48 MP: 8/8
  5136 | D:5      | Noticed Sigmund
  5146 | D:5      | Killed Sigmund
  5484 | D:5      | Noticed Edmund
  5496 | D:5      | Slain by Edmund

Illustrated notes

Levels and vault maps discovered:
D:1:      amcnicky_arrival_flooded_fountain, layout_loops_ring,
          hangedman_abyss_or_decor_lesser_grid, nicolae_figureground_sparkle
D:2:      layout_loops_ring, dreamdust_ecumenical_altar_hidden_monk_grotto,
          chequers_serial_rivers_marsh
D:3:      layout_basic, mainiacjoe_overflow_surrounded_room
D:4:      minmay_diamond_boxcup, layout_basic, minmay_temple_entry_tees
D:5:      layout_loops_ring, nicolae_zen_rock_garden, uniq_edmund, uniq_sigmund
Temple:   minmay_freezing_vapour_temple

Skill      XL: |  1  2  3  4  5  6  7  8 |
---------------+-------------------------+-----
Stealth        | 1 2 3 4 |  4.1
Axes           | 2 |  2.6
Dodging        | 1 2 3 |  3.4
Fighting       | 4 |  4.6
Shields        | 3 |  3.4
Evocations     | 1 2 3 |  3.0
Polearms       | 1 2 3 |  3.6
Armour         | 3 |  3.8

Action                   |  1- 3 |  4- 6 |  7- 9 || total
-------------------------+-------+-------+-------++-------
Melee: War axe           |    67 |    61 |       ||   128
       Spear             |       |    56 |    85 ||   141
  Use: Scroll            |     9 |     6 |       ||    15
 Stab: Sleeping          |     1 |       |       ||     1
Armor: Scale mail        |     4 |       |       ||     4
       Plate armour      |    24 |    53 |    29 ||   106
Dodge: Dodged            |    22 |    22 |    15 ||    59
Block: Buckler           |    12 |    35 |    31 ||    78
